 Dungeon Crawl Stone Soup version 0.17.0-7-gfadd4cc (webtiles) character file.

646 Kloppie the Skirmisher (level 7, 0/69 HPs)
             Began as a Gargoyle Berserker on Nov 8, 2015.
             Was a Priest of Trog.
             Slain by a centaur (5 damage)
             ... on level 5 of the Dungeon.
             The game lasted 00:07:31 (4384 turns).

Kloppie the Skirmisher (Gargoyle Berserker)         Turns: 4384, Time: 00:07:31

Health: 0/69       AC: 14    Str: 27    XL:     7   Next: 52%
Magic:  7/7        EV:  9    Int:  8    God:    Trog [***...]
Gold:   87         SH:  0    Dex:  9    Spells: 0 memorised, 6 levels left

rFire  . . .     SeeInvis .     a - +0 mace
rCold  . . .     Clarity  .     s - +0 chain mail
rNeg   + + .     SustAt   .     (no shield)
rPois  ∞         Gourm    .     (no helmet)
rElec  +         Spirit   .     (no cloak)
rCorr  .         Warding  .     (no gloves)
rMut   .         Stasis   .     (no boots)
MR     ++...                    (no amulet)
Stlth  ..........               (no ring)
                                g - ring of positive energy

@: berserking, regenerating, very quick, very resistant to hostile enchantments,
extremely unstealthy
A: negative energy resistance 1, electricity resistance, unbreathing,
petrification resistance, rot immunity, AC +4
a: Berserk, Trog's Hand, Burn Spellbooks, Renounce Religion


You were on level 5 of the Dungeon.
You worshipped Trog.
Trog was most pleased with you.
You were not hungry.

You visited 1 branch of the dungeon, and saw 5 of its levels.

You collected 171 gold pieces.
You spent 84 gold pieces at shops.

Inventory:

Hand Weapons
 a - a +0 mace (weapon)
Armour
 s - a +0 chain mail (worn)
Jewellery
 g - a ring of positive energy (left hand)
Wands
 n - a wand of teleportation (4)
Scrolls
 b - 3 scrolls of identify {unknown}
 m - a scroll of amnesia {unknown}
 o - a scroll of immolation {unknown}
 p - a scroll of magic mapping {unknown}
 t - a scroll of noise {unknown}
 v - a scroll of blinking {unknown}
 w - a scroll of enchant armour {unknown}
 x - a scroll of teleportation {unknown}
Potions
 e - 5 potions of curing {unknown}
 f - a potion of cure mutation {unknown}
 h - 2 potions of heal wounds {unknown}
 k - 2 potions of beneficial mutation {unknown}
 l - a potion of poison {unknown}
 q - a potion of flight {unknown}
 r - a potion of berserk rage {unknown}
 u - 2 potions of degeneration {unknown}
Comestibles
 c - 3 bread rations
 d - 2 beef jerkies
 i - 2 meat rations
 j - 2 slices of pizza
 z - 6 chunks of flesh


   Skills:
 + Level 6.0 Fighting
 + Level 5.3 Maces & Flails
 + Level 5.5 Armour
 - Level 1.5 Dodging


You had 6 spell levels left.
You didn't know any spells.

Dungeon Overview and Level Annotations

Branches:
Dungeon (5/15)
 Temple: D:4-7

Altars:
Ru
Xom

Shops:
D:4 =

Annotations:
D:4 Menkaure
D:5 SorcV's ghost, amateur KoAM


Innate Abilities, Weirdness & Mutations

You are resistant to torment.
Your stone body is resilient (AC +4).
You are immune to poison.
You resist negative energy.
You are resistant to electric shocks.
You can survive without breathing.
You are immune to petrification.
You are immune to rotting.


Message History

Your skin crawls.
You feel resistant to hostile enchantments.
You feel slightly more hungry.
The centaur shoots an arrow.
The arrow hits you.
* * * LOW HITPOINT WARNING * * *
The centaur shoots an arrow.
The arrow hits you!
* * * LOW HITPOINT WARNING * * *
A red film seems to cover your vision as you go berserk!
You feel yourself moving faster!
You feel mighty!
You feel somewhat more hungry. The orc hits you but does no damage.
You hit the orc.
The orc is severely wounded.
You sock the orc!
You feel the power of Trog in you as your rage grows.
You kill the orc!
Trog accepts your kill.
The centaur shoots an arrow.
The arrow completely misses you.
The centaur shoots an arrow.
The arrow hits you but does no damage.
The centaur unwields an uncursed shortbow.
The centaur hits you.
You die...

.###....# ..##.......#
.o.#... #.#....###..
....... ##.#....###
.......## #...........
........####<.....###..
#................#
#....#.######....#
..##...)#####....#
###.c@((##....# ....
#.c##........# ....
#..####....#.# ....
#... ..###.#.. #..#
##.# #.## .. #..#
##.###..# #..
#.......##
#.#####....).).##
#.....#...W)<#..###


You could see 2 centaurs.

Vanquished Creatures
  Eustachio (D:4)
  An ogre (D:4)
  A hound (D:4)
  An orc wizard (D:5)
  A crimson imp (D:5)
  An orc priest (D:5)
  A giant frog skeleton (D:4)
  2 worker ants
  2 iguanas (D:4)
  8 adders
  A shadow imp (D:5)
  2 oozes
  An adder skeleton (D:4)
  2 worms
  10 orcs
  A ball python (D:2)
  5 giant cockroaches
  6 goblins
  5 hobgoblins
  9 jackals
  8 kobolds
  A quokka (D:2)
  8 bats
  8 giant newts
  A quokka skeleton (D:4)
  10 rats
97 creatures vanquished.

Notes
Turn   | Place    | Note
--------------------------------------------------------------
     0 | D:1      | Kloppie the Gargoyle Berserker began the quest for the Orb.
     0 | D:1      | Reached XP level 1. HP: 14/14 MP: 1/1
    98 | D:1      | Reached XP level 2. HP: 16/19 MP: 2/2
   737 | D:2      | Reached XP level 3. HP: 24/24 MP: 3/3
   946 | D:2      | Reached ** piety under Trog
  1014 | D:2      | Reached skill level 4 in Fighting
  1119 | D:2      | Reached XP level 4. HP: 29/29 MP: 4/4
  2195 | D:3      | Reached XP level 5. HP: 17/34 MP: 5/5
  2519 | D:4      | Noticed Menkaure
  3105 | D:4      | Found Galeocoe's Jewellery Boutique.
  3105 | D:4      | Noticed Eustachio
  3200 | D:4      | Killed Eustachio
  3200 | D:4      | Reached *** piety under Trog
  3200 | D:4      | Reached skill level 5 in Fighting
  3200 | D:4      | Reached XP level 6. HP: 22/40 MP: 6/6
  3346 | D:4      | Bought a cursed -4 ring of strength for 26 gold pieces
  3346 | D:4      | Bought a cursed ring of loudness for 58 gold pieces
  3494 | D:4      | Found a shimmering altar of Xom.
  3499 | D:4      | Found a sacrificial altar of Ru.
  3833 | D:5      | Entered Level 5 of the Dungeon
  3907 | D:5      | Noticed SorcV's ghost (amateur KoAM)
  3918 | D:4      | Reached skill level 5 in Maces & Flails
  3918 | D:4      | Reached skill level 5 in Armour
  3918 | D:4      | Reached XP level 7. HP: 23/45 MP: 7/7
  4374 | D:5      | Reached skill level 6 in Fighting
  4380 | D:5      | HP: 1/46 [centaur/arrow (7)]
  4384 | D:5      | Slain by a centaur

Action                   |  1- 3 |  4- 6 |  7- 9 || total
-------------------------+-------+-------+-------++-------
Melee: Mace              |    93 |   264 |    66 ||   423
Invok: Berserk           |     1 |     2 |     1 ||     4
       Trog's Hand       |     1 |       |     1 ||     2
  Eat: Chunk             |     2 |    10 |     3 ||    15
